 Dungeon Crawl Stone Soup version 0.30-a0-174-gbc10bd73c2 (webtiles) character file.

Game seed: 1748749603802074770

222 qw the Chopper (level 5, 0/32 HPs)
             Began as a Gargoyle Fighter on Oct 1, 2022.
             Slain by Terence
             ... wielding a +0 hand axe
              (6 damage)
             ... on level 2 of the Dungeon.
             The game lasted 00:00:29 (1391 turns).

qw the Chopper (Gargoyle Fighter)                   Turns: 1391, Time: 00:00:29

Health: 0/32       AC: 12    Str: 21    XL:     5   Next: 99%
Magic:  5/5        EV:  9    Int:  9    God:
Gold:   126        SH:  4    Dex:  9    Spells: 4/4 levels left

rFire   . . .      SeeInvis .    Y - +0 war axe
rCold   . . .      Faith    .    c - +0 buckler
rNeg    + . .      Spirit   .    b - +0 scale mail
rPois   inf        Reflect  .    k - +0 helmet
rElec   +          Harm     .    (no cloak)
rCorr   .          Rampage  .    (no gloves)
Will    .....                    (no boots)
Stlth   ..........               (no amulet)
HPRegen 0.25/turn                (no ring)
MPRegen 0.09/turn                (no ring)

@: no status effects
A: sickness immunity, AC +4, negative energy resistance 1, electricity
resistance, torment resistance 1, petrification resistance
a: no special abilities


You were on level 2 of the Dungeon.
You visited 1 branch of the dungeon, and saw 2 of its levels.

You collected 126 gold pieces.


Innate Abilities, Weirdness & Mutations

You are immune to sickness and miasma.
Your stone body is resilient. (AC +4)
You are immune to poison.
You resist negative energy. (rN+)
You are resistant to electric shocks. (rElec)
You are resistant to unholy torment.
You are immune to petrification.


   Skills:
 + Level 3.2 Fighting
 - Level 5.5 Axes
 - Level 3.2 Armour
 - Level 3.2 Shields


You had 4 spell levels left.
You didn't know any spells.
Your spell library was empty.

Inventory:

Hand Weapons
 m - a +0 whip
 Y - a +0 war axe (weapon)
Missiles
 a - 2 boomerangs (quivered)
Armour
 b - a +0 scale mail (worn)
 c - a +0 buckler (worn)
 k - a +0 helmet (worn)
Potions
 d - 2 potions of might
 h - a potion of brilliance {unknown}
 j - a potion of curing {unknown}
 l - a potion of ambrosia {unknown}

Dungeon Overview and Level Annotations

Branches:
Dungeon (2/15)

Altars:

Annotations:
D:2 Terence


Message History

You closely miss Sigmund. Sigmund hits you with a +0 scythe.
The grasping roots constrict you.
You slash Sigmund!
Sigmund is moderately wounded.
Sigmund completely misses you. The grasping roots constrict you.
The grasping roots release their grip on you.
You slash Sigmund!
Sigmund is severely wounded.
Sigmund barely misses you.
You barely miss Sigmund.
Sigmund is severely wounded.
You closely miss Terence. Terence hits you with a +0 hand axe.
Sigmund closely misses you. Terence barely misses you.
You hit Sigmund.
Sigmund is almost dead.
You closely miss Terence. Terence hits you but does no damage.
Sigmund hits you but does no damage.
You slash Sigmund!
You kill Sigmund!
You hit Terence. Terence hits you with a +0 hand axe.
Your Axes skill gained 2 levels and is now at level 5!
You have reached level 4!
You feel clever.
You have reached level 5!
You hit Terence.
Terence is heavily wounded.
Terence closely misses you. Terence hits you but does no damage.
You slash Terence!
Terence is almost dead.
Terence hits you but does no damage.
You barely miss Terence.
Terence is almost dead.
Terence barely misses you.
You closely miss Terence.
Terence is almost dead.
Terence closely misses you.
You barely miss Terence.
Terence is almost dead.
You block Terence's attack. Terence hits you with a +0 hand axe.
You die...

...#######
......@).#
##@.######
##.........
#.....##### ...
##...## #.#
##.## #.# ##..##
#.# ###....##
#.#
#.......######.#
#.#####.#....#.#


You could see Terence.

Vanquished Creatures
  Sigmund (D:2)
  2 adders (D:2)
  A dart slug (D:1)
  A ball python (D:1)
  A bat (D:1)
  6 endoplasms (D:1)
  A giant cockroach (D:2)
  4 goblins (D:1)
  5 hobgoblins
  5 kobolds
  A quokka (D:2)
  A frilled lizard (D:1)
  2 rats (D:1)
31 creatures vanquished.

Notes
Turn   | Place    | Note
-------+----------+-------------------------------------------
     0 | D:1      | qw the Gargoyle Fighter began the quest for the Orb.
     0 | D:1      | Reached XP level 1. HP: 14/14 MP: 1/1
     0 | D:1      | 0 ||| qw: Version: 0.2-a-13-gfc7b4b4
     0 | D:1      | 0 ||| qw: Game counter: 1904
     0 | D:1      | 0 ||| qw: Always use a shield: true
     0 | D:1      | 0 ||| qw: God list: Okawaru
     0 | D:1      | 0 ||| qw: Allow faded altars: false
     0 | D:1      | 0 ||| qw: Do Orc after D:15 true
     0 | D:1      | 0 ||| qw: Do second Lair branch before Depths: true
     0 | D:1      | 0 ||| qw: Lair rune preference: random
     0 | D:1      | 0 ||| qw: Plans: Normal, Zot:1-4, God:TSO, Crypt, Tomb,
                  | Pan, Slime:5, Hells, Abyss, Orb
     0 | D:1      | 0 ||| PLANNING D:1-11
    99 | D:1      | Reached skill level 2 in Axes
   142 | D:1      | 142 ||| Stepping ~*~*~tactically~*~*~ (stealth).
   150 | D:1      | Reached XP level 2. HP: 15/19 MP: 2/2
   157 | D:1      | 157 ||| Stepping ~*~*~tactically~*~*~ (stealth).
   190 | D:1      | 190 ||| Stepping ~*~*~tactically~*~*~ (stealth).
   396 | D:1      | 396 ||| DROPPING +0 club.
   399 | D:1      | 399 ||| Stepping ~*~*~tactically~*~*~ (hiding).
   406 | D:1      | Reached skill level 3 in Axes
   578 | D:1      | Reached XP level 3. HP: 23/23 MP: 3/3
  1113 | D:1      | 1113 ||| UPGRADING to +0 helmet.
  1118 | D:1      | 1118 ||| DROPPING ring of magical power.
  1119 | D:1      | 1119 ||| READING scroll labelled IBYIFIURARCH.
  1120 | D:1      | 1120 ||| READING scroll labelled ZITUIR WOGYTH.
  1121 | D:1      | 1121 ||| READING scroll labelled BAMIOGHYRAI.
  1122 | D:1      | 1122 ||| READING scroll labelled QEJEAVV PUGUDGH.
  1365 | D:2      | Noticed Sigmund
  1366 | D:2      | 1366 ||| Stepping ~*~*~tactically~*~*~ (hiding).
  1378 | D:2      | Noticed Terence
  1384 | D:2      | HP: 5/23 [Terence/+0 hand axe (3)]
  1386 | D:2      | Killed Sigmund
  1387 | D:2      | Reached skill level 5 in Axes
  1387 | D:2      | Reached XP level 4. HP: 4/28 MP: 4/4
  1387 | D:2      | Reached XP level 5. HP: 5/32 MP: 5/5
  1391 | D:2      | Slain by Terence

Levels and vault maps discovered:
D:1:      giann_horns, layout_basic
D:2:      minmay_diamond_boxcup, layout_loops_corners,
          dreamdust_ecumenical_altar_angels_and_demons, st_stairs_12,
          uniq_sigmund, uniq_terence

Skill      XL: |  1  2  3 |
---------------+----------+-----
Axes           | 2 3 5 |  5.5
Fighting       | |  3.2
Armour         | |  3.2
Shields        | |  3.2

Action                   |  1- 3 |  4- 6 || total
-------------------------+-------+-------++-------
Melee: War axe           |    98 |     5 ||   103
Throw: Boomerang         |     4 |       ||     4
  Use: Scroll            |     4 |       ||     4
 Stab: Distracted        |     1 |       ||     1
Armor: Scale mail        |    52 |     2 ||    54
Dodge: Dodged            |    40 |     3 ||    43
Block: Buckler           |    16 |     1 ||    17

Table legend:
 A = Non-vault XP
 B = Vault XP
 C = Vault XP percentage of total XP
 D = Non-vault monster count
 E = Vault monster count
 F = Vault count percentage of total count
                 A         B        C        D         E       F
            +---------+---------+-------+---------+---------+-------
      Total |      79 |     239 |  75.2 |      30 |       1 |   3.2
            +---------+---------+-------+---------+---------+-------
        D:1 |      44 |       0 |   0.0 |      23 |       0 |   0.0
        D:2 |      35 |     239 |  87.2 |       7 |       1 |  12.5
            +---------+---------+-------+---------+---------+-------
